 Dungeon Crawl Stone Soup version 0.31-a0-940-gdaa99269f9 (webtiles) character file.

Game seed: 15250574519920398218

154619 Ahpoh the Fencer (level 17, -4/126 HPs)
             Began as a Barachi Fighter on Oct 20, 2023.
             Was the Champion of Cheibriados.
             Slain by a merfolk
             ... wielding a +0 glaive
             ... led by a merfolk impaler
              (13 damage)
             ... on level 2 of the Shoals.
             The game lasted 01:34:15 (27933 turns).

Ahpoh the Fencer (Barachi Fighter)                 Turns: 27933, Time: 01:34:16

Health: -4/126     AC: 29    Str: 38    XL:     17   Next: 33%
Magic:  23/23      EV: 25    Int: 23    God:    Cheibriados [******]
Gold:   2031       SH: 34    Dex: 48    Spells: 16/16 levels left

rFire   + . .        f - +4 double sword (venom)
rCold   . . .        q - +0 tower shield
rNeg    . . .        o - +2 plate armour {Will+}
rPois   +            F - +2 helmet of the Ancient Teeth {-Tele rPois Dex+3 SInv}
rElec   .            w - +0 cloak
rCorr   .            A - +2 pair of gloves {Dex+3}
SInv    +            b - +0 pair of boots {boot}
Will    ++...        l - amulet of reflection Stlth
                     N - +6 ring of strength
HPRegen 0.41/turn    Y - +6 ring of dexterity
MPRegen 0.18/turn

%: no teleportation, reflection
@: very slow
A: amphibious, slowness 1, strong legs 2, +LOS, talons 1, fire resistance 1,
frail 1, subdued magic 1, inability to drink after injury 1
}: 1/15 runes: gossamer
a: Hop, Renounce Religion, Bend Time, Temporal Distortion, Slouch, Step From
Time


You were on level 2 of the Shoals.
You worshipped Cheibriados.
Cheibriados was exalted by your worship.
You visited 5 branches of the dungeon, and saw 26 of its levels.
You also visited: Bailey.

You collected 2075 gold pieces.
You spent 44 gold pieces at shops.

Inventory:

Hand Weapons
 f - a +4 double sword of venom (weapon)
 j - the +7 trident of Wu Jian's Castigation {freeze, rC+ rN+ Int+6}
   (You found it on level 2 of the Shoals)

   Int+6:     It affects your intelligence (+6).
   rC+:       It protects you from cold.
   rN+:       It protects you from negative energy.
 z - a +0 scimitar of flaming
Missiles
 g - 12 boomerangs (quivered)
 x - 4 silver javelins
 U - a throwing net
Armour
 b - a +0 pair of boots (worn) {boot}
 o - a +2 plate armour of willpower (worn)
 q - a +0 tower shield (worn)
 w - a +0 cloak (worn)
 A - a +2 pair of gloves of dexterity (worn)
 F - the +2 helmet of the Ancient Teeth (worn) {-Tele rPois Dex+3 SInv}
   (You found it on level 3 of the Lair of Beasts)

   Dex+3:     It affects your dexterity (+3).
   rPois:     It protects you from poison SInv: It lets you see invisible.
   -Tele:     It prevents most forms of teleportation.
Jewellery
 a - a ring of protection from fire
 c - a ring of poison resistance
 l - an amulet of reflection (around neck)
 y - a ring of see invisible
 E - a ring of flight
 H - a +6 ring of strength
 N - a +6 ring of strength (left hand)
 Y - a +6 ring of dexterity (right hand)
Wands
 h - a wand of roots (6)
 m - a wand of flame (41)
 t - a wand of digging (2)
 L - a wand of polymorph (5)
 M - a wand of quicksilver (16)
 R - a wand of charming (11)
 T - a wand of mindburst (14)
Scrolls
 d - 2 scrolls of immolation
 e - 10 scrolls of revelation
 i - 10 scrolls of teleportation
 n - 7 scrolls of fog
 p - 2 scrolls of fear
 r - a scroll of butterflies
 J - a scroll of blinking
 P - a scroll of enchant armour
 Q - 3 scrolls of poison
Potions
 k - 3 potions of lignification
 s - 3 potions of attraction
 u - 2 potions of heal wounds
 v - 8 potions of curing
 B - 4 potions of magic
 C - 3 potions of ambrosia
 G - 4 potions of enlightenment
 I - a potion of cancellation
 K - 2 potions of invisibility
 S - 4 potions of might
Miscellaneous
 D - a phial of floods (inert)
 O - a tin of tremorstones (inert)
 Z - a box of beasts (inert)


   Skills:
 * Level 14.4 Fighting
 - Level 3.1(11.2) Short Blades
 * Level 17.8(18.0) Long Blades
 + Level 2.6 Throwing
 * Level 14.6 Armour
 * Level 11.1 Dodging
 * Level 17.5 Shields
 * Level 9.2 Invocations
 + Level 2.1 Evocations


You had 16 spell levels left.
You didn't know any spells.
Your spell library contained the following spells:

 Spells                   Type           Power      Damage    Failure   Level
 Foxfire                  Conj/Fire      0%         2x1d4     65%         1
 Necrotise                Necr           0%         1d4       65%         1
 Shock                    Conj/Air       0%         1d3       65%         1
 Slow                     Hex            0%         N/A       65%         1
 Blink                    Tloc           0%         N/A       80%         2
 Cigotuvi's Dreadful Rot  Necr/Pois/Air  0%         N/A       80%         2
 Lesser Beckoning         Tloc           0%         N/A       80%         2
 Confusing Touch          Hex            0%         N/A       95%         3
 Gell's Gravitas          Tloc           0%         N/A       95%         3
 Ignite Poison            Fire/Tmut/Pois 0%         N/A       95%         3
 Sigil of Binding         Hex            0%         N/A       95%         3
 Swiftness                Air            0%         N/A       95%         3
 Teleport Other           Tloc           0%         N/A       95%         3
 Vampiric Draining        Necr           0%         2d6       95%         3
 Airstrike                Air            0%         2d(0-16)  100%        4
 Cause Fear               Hex            0%         N/A       100%        4
 Manifold Assault         Tloc           0%         N/A       100%        4
 Agony                    Necr           0%         N/A       100%        5
 Fireball                 Conj/Fire      0%         3d3       100%        5
 Freezing Cloud           Conj/Ice/Air   0%         6-21      100%        5
 Summon Forest            Summ/Tloc      0%         N/A       100%        5
 Summon Mana Viper        Hex/Summ       0%         N/A       100%        5
 Plasma Beam              Fire/Air       0%         2x1d10    100%        6
 Starburst                Conj/Fire      0%         6d3       100%        6
 Summon Cactus Giant      Summ           0%         N/A       100%        6
 Dragon's Call            Summ           0%         N/A       100%        9


Dungeon Overview and Level Annotations

Branches:
Dungeon (14/15)            Temple (1/1) D:5            Lair (5/5) D:10
 Shoals (2/4) Lair:3       Spider (4/4) Lair:2        Slime (0/5) Lair:4
    Orc (0/2) D:12         Vaults (0/5) D:13         Bailey (visited)

Altars:
Ashenzari
Cheibriados
Dithmenos
Elyvilon
Fedhas
Gozag
Hepliaklqana
Kikubaaqudgha
Makhleb
Nemelex Xobeh
Okawaru
Qazlal
Ru
Sif Muna
Trog
Uskayaw
Vehumet
Wu Jian
Xom
Yredelemnul
Zin
The Shining One

Shops:
D:9 ?

Portals:
Trove: D:10 (give +2 gold dragon scales)

Annotations:
D:9 2 transporters, Xavori's ghost, novice OpCK
D:13 1 transporter
D:14 Azrael


Innate Abilities, Weirdness & Mutations

You are amphibious.
You cover ground slowly.
You can hop long distances.
You have an extended range of vision and can be seen from far away.
You have sharp toenails.
Your flesh is heat resistant. (rF+)
You are frail. (-10% HP)
Your spells are a little easier to cast, but a little less powerful.
You occasionally lose the ability to drink potions when taking damage.


Message History

The merfolk javelineer throws a javelin.
The javelin pierces through you! You block the merfolk's attack. x2
The merfolk javelineer throws a javelin.
The javelin pierces through you but does no damage.
You block the merfolk's attack. x2
The merfolk impaler closely misses you.
The merfolk javelineer throws a javelin.
The javelin pierces through you! You block the merfolk impaler's attack.
You block the merfolk's attack.
The merfolk hits you from afar with a +0 spear!
The merfolk javelineer throws a javelin.
The javelin pierces through you. You block the merfolk impaler's attack.
You block the merfolk's attack. x2; You block the merfolk impaler's attack.
The merfolk closely misses you.
The merfolk javelineer throws a javelin.
The javelin closely misses you.
The merfolk impaler hits you from afar with a +6 trident of protection!!
You block the merfolk's attack. x2; The merfolk barely misses you.
You block the merfolk impaler's attack.
The merfolk javelineer throws a javelin.
The javelin pierces through you!
* * * LOW HITPOINT WARNING * * *
You block the merfolk's attack. You block the merfolk impaler's attack.
The merfolk closely misses you. The merfolk misses you.
The merfolk javelineer throws a javelin.
The javelin closely misses you. You block the merfolk impaler's attack.
You block the merfolk's attack. You block the merfolk impaler's attack.
The merfolk hits you from afar with a +0 trident!
* * * LOW HITPOINT WARNING * * *
The merfolk completely misses you.
The merfolk javelineer throws a javelin.
The javelin pierces through you but does no damage.
You block the merfolk impaler's attack. You block the merfolk's attack. x2
The merfolk completely misses you. You block the merfolk impaler's attack.
The merfolk javelineer throws a javelin.
The javelin pierces through you!
* * * LOW HITPOINT WARNING * * *
The merfolk hits you from afar with a +0 glaive!
You die...

.~~~~~~~~~~~~~...≈..##
.~~~~~~~~~~~~......##
..~~~~~~~~~~.....≈≈.
#..~~~~~≈~~.##..~≈≈≈
##.~≈≈≈≈≈≈~.##.~≈~≈≈
##..~~≈≈≈≈≈~...~~~~≈≈
#####.mmm~~~~~~~~~~~~~~~≈
.....mm.~~~~~~~~~~~~~~~≈~
....mmm.@..~~~~~~~~~~~~~~
....mm####.~~~~~≈≈~~~~~~~
.... ##.~~~~≈≈~~~~≈≈~ ..
##.~~≈≈≈≈≈≈≈≈≈~
#.~~~≈≈≈≈≈≈≈≈≈
#.~~~≈≈≈≈≈≈≈≈≈
#..~~~≈≈)≈≈≈≈≈
##.~~~≈≈≈†≈≈≈~
##.~~≈≈≈≈≈≈~~


You could see a merfolk impaler, a merfolk javelineer and 8 merfolk.

Vanquished Creatures
  Mlioglotl (Shoals:1)
  Asterion (Spider:3)
  3 emperor scorpions
  Louise (Shoals:1)
  4 ghost moths (Spider:4)
  4 spark wasps
  4 entropy weavers
  3 hydras
  An ice dragon (Spider:2)
  4 vault guards
  6 jorogumos
  3 centaur warriors (D:13)
  7 boulder beetles
  A merfolk avatar (Shoals:1)
  A merfolk aquamancer (Shoals:1)
  Erica (D:9)
  A two-headed ogre (D:10)
  4 radroaches
  7 demonic crawlers
  Urug (Lair:4)
  6 sea snakes
  8 pharaoh ants
  3 skysharks
  A sun moth (Spider:2)
  10 orb spiders
  Pikel (D:6)
  A necromancer (Lair:5)
  2 deep elf pyromancers
  The ghost of Nexanis the Insei, a novice GnMo (D:5)
  4 steelbarb worms
  A lindwurm (Lair:3)
  18 wolf spiders
  4 harpies (Shoals:1)
  3 ugly things
  3 moths of wrath
  2 cyclopes (D:12)
  3 fauns (Shoals:1)
  6 manticores
  A black mamba (shapeshifter) (D:13)
  9 elephants (Lair:3)
  A black mamba (Lair:5)
  2 water nymphs (Shoals:1)
  11 torpor snails
  20 cane toads
  2 unseen horrors (D:12)
  4 unseen horror zombies (D:9)
  Psyche (D:9)
  3 rime drakes
  6 komodo dragons
  A kobold demonologist (D:9)
  4 trolls
  4 merfolk
  A polar bear (Lair:2)
  7 tyrant leeches
  Prince Ribbit (Bailey)
  2 wind drakes
  6 snapping turtles
  18 blink frogs
  24 tarantellas
  8 dream sheep (Lair:5)
  6 slime creatures
  28 jumping spiders
  20 culicivoras
  12 humans
  4 water elementals (Shoals:1)
  3 wraiths
  4 wyverns
  A vampire (D:9)
  36 yaks
  4 basilisks
  43 redbacks
  11 vampire mosquitoes
  An acid dragon (D:11)
  15 water moccasins
  A black bear (D:5)
  4 ice beasts
  A sky beast (D:8)
  10 orc warriors
  4 ogres
  22 wolves
  4 centaurs
  33 bullfrogs
  2 kobold brigands
  5 wights (D:8)
  18 killer bees
  2 electric eels (Lair:5)
  3 howler monkeys
  2 centaur zombies (D:9)
  6 hounds
  4 jellies
  Crazy Yiuf (D:3)
  6 iguanas
  6 orc priests
  A sleepcap (D:5)
  15 orc wizards
  Natasha (thrice) (D:2)
  Terence (D:2)
  5 yak simulacra (Lair:5)
  A killer bee zombie (D:9)
  2 polar bear simulacra (Lair:5)
  3 wolf simulacra (Lair:5)
  Robin (D:3)
  12 gnolls
  2 howler monkey zombies (D:9)
  8 adders
  3 shadow imps
  2 white imps (D:7)
  6 ufetubi
  44 orcs
  11 endoplasms
  3 giant cockroaches
  15 goblins
  11 hobgoblins
  8 quokkas
  6 ball pythons
  8 bats
  3 frilled lizards
  18 kobolds
  10 rats
  A river rat simulacrum (Lair:5)
796 creatures vanquished.

Vanquished Creatures (collateral kills)
  A culicivora (Spider:3)
1 creature vanquished.

Vanquished Creatures (others)
  An ironbound frostheart (D:13)
  A manticore (D:13)
  A redback (Spider:2)
  An orc warrior (D:12)
4 creatures vanquished.

Grand Total: 801 creatures vanquished

Notes
Turn   | Place    | Note
-------+----------+-------------------------------------------
     0 | D:1      | Ahpoh the Barachi Fighter began the quest for the Orb.
     0 | D:1      | Reached XP level 1. HP: 18/18 MP: 1/1
   152 | D:1      | Reached XP level 2. HP: 18/25 MP: 2/2
   701 | D:2      | Noticed Natasha
   764 | D:2      | Killed Natasha
   765 | D:2      | Reached XP level 3. HP: 29/30 MP: 3/3
   771 | D:2      | Noticed Natasha
   826 | D:2      | Killed Natasha
   827 | D:2      | Reached XP level 4. HP: 35/37 MP: 4/4
   831 | D:2      | Noticed Natasha
   840 | D:2      | Killed Natasha
   841 | D:2      | Reached skill level 1 in Dodging
   856 | D:2      | Found a faded altar of an unknown god.
  1084 | D:2      | Noticed Terence
  1095 | D:2      | Killed Terence
  1096 | D:2      | Reached XP level 5. HP: 41/42 MP: 5/5
  1112 | D:2      | Reached skill level 5 in Armour
  2090 | D:3      | Reached skill level 1 in Short Blades
  2122 | D:3      | Found an opulent altar of Gozag.
  2248 | D:3      | Noticed Robin
  2252 | D:3      | Identified the +0 robe "Xiyp" {rN+ Will- Str+4}
  2278 | D:3      | Killed Robin
  2279 | D:3      | Reached XP level 6. HP: 39/48 MP: 6/6
  2456 | D:3      | Found a runed translucent door.
  2457 | D:3      | Noticed Crazy Yiuf
  2494 | D:3      | Found a sparkling altar of Nemelex Xobeh.
  2756 | D:3      | Killed Crazy Yiuf
  3060 | D:4      | Noticed an ice beast
  3220 | D:4      | Found a hazy altar of Hepliaklqana.
  3220 | D:4      | Found a glowing silver altar of Zin.
  3270 | D:4      | Reached skill level 5 in Long Blades
  3270 | D:4      | Reached XP level 7. HP: 38/55 MP: 7/7
  3378 | D:4      | Found an iron altar of Okawaru.
  3400 | D:4      | Reached skill level 5 in Shields
  3860 | D:4      | Found a shimmering blue altar of Sif Muna.
  3984 | D:5      | Entered Level 5 of the Dungeon
  4123 | D:5      | Reached XP level 8. HP: 35/61 MP: 8/8
  4301 | D:5      | Reached skill level 5 in Fighting
  4320 | D:5      | Found a staircase to the Ecumenical Temple.
  4337 | Temple   | Entered the Ecumenical Temple
  4344 | Temple   | Became a worshipper of Cheibriados the Contemplative
  5125 | D:5      | Found a broken altar of Ashenzari.
  5131 | D:5      | Saw a vision of the Shoals and the Spider Nest.
  5131 | D:5      | Noticed a sea snake
  5131 | D:5      | Noticed a sun moth
  5131 | D:5      | Noticed a merfolk siren
  5131 | D:5      | Noticed a skyshark
  5131 | D:5      | Noticed a snapping turtle
  5131 | D:5      | Noticed a manticore
  5131 | D:5      | Noticed a merfolk siren
  5131 | D:5      | Noticed a steelbarb worm
  5131 | D:5      | Noticed a merfolk javelineer
  5131 | D:5      | Noticed a manticore
  5132 | D:5      | Noticed a pharaoh ant
  5132 | D:5      | Noticed a jumping spider
  5132 | D:5      | Noticed a jumping spider
  5133 | D:5      | Noticed a jumping spider
  5137 | D:5      | Noticed a demonic crawler
  5137 | D:5      | Noticed a ghost moth
  5140 | D:5      | Noticed a tarantella
  5253 | D:5      | Found a runed translucent door.
  5253 | D:5      | Noticed Nexanis's ghost (novice GnMo)
  6122 | D:6      | Noticed Pikel
  6139 | D:6      | Killed Pikel
  6139 | D:6      | Reached * piety under Cheibriados
  6140 | D:6      | Reached skill level 1 in Invocations
  6140 | D:6      | Reached XP level 9. HP: 28/69 MP: 9/9
  6747 | D:5      | Killed Nexanis's ghost
  7268 | D:7      | Found a blossoming altar of Fedhas.
  7305 | D:7      | Reached ** piety under Cheibriados
  7434 | D:7      | Reached XP level 10. HP: 73/77 MP: 11/11
  8204 | D:8      | Reached skill level 10 in Long Blades
  8225 | D:8      | Reached *** piety under Cheibriados
  8352 | D:8      | Found a hide-covered altar of Uskayaw.
  8550 | D:9      | Identified the "Doca"
  8702 | D:9      | Noticed Psyche
  8715 | D:9      | Reached skill level 5 in Dodging
  8812 | D:9      | Found a flagged portal.
  8819 | Bailey   | Entered a bailey
  8859 | Bailey   | Reached **** piety under Cheibriados
  8913 | Bailey   | Reached XP level 11. HP: 76/84 MP: 13/13
  8998 | Bailey   | Noticed Prince Ribbit
  9004 | Bailey   | Killed Prince Ribbit
  9014 | Bailey   | Noticed a vault guard
  9028 | Bailey   | Killed a vault guard
  9144 | Bailey   | Noticed a vault guard
  9163 | Bailey   | Killed a vault guard
  9164 | Bailey   | Reached skill level 1 in Evocations
  9363 | D:9      | Killed Psyche
  9369 | D:9      | Noticed Erica
  9382 | D:9      | Killed Erica
  9531 | D:9      | Found Etuu's Magic Scroll Emporium.
  9550 | D:9      | Bought a scroll of identify for 22 gold pieces
  9550 | D:9      | Bought a scroll of identify for 22 gold pieces
  9907 | D:9      | Found a transporter.
  9927 | D:9      | Reached ***** piety under Cheibriados
  9931 | D:9      | Noticed Xavori's ghost (novice OpCK)
  9931 | D:9      | Noticed a moth of wrath
  9946 | D:9      | Found a transporter.
 10073 | D:9      | Reached skill level 10 in Shields
 10088 | D:9      | Found a basalt altar of Yredelemnul.
 10370 | D:10     | Entered Level 10 of the Dungeon
 10588 | D:10     | Found a shimmering altar of Xom.
 10672 | D:10     | Found a staircase to the Lair.
 10930 | D:10     | Noticed a two-headed ogre
 10940 | D:10     | Killed a two-headed ogre
 11062 | D:10     | Found a portal to a secret trove of treasure.
 11124 | D:10     | Found a shadowy altar of Dithmenos.
 11363 | D:11     | Noticed a green ugly thing
 11371 | D:11     | Killed a green ugly thing
 11372 | D:11     | Reached XP level 12. HP: 86/94 MP: 15/15
 11378 | D:11     | Reached skill level 10 in Armour
 11587 | D:11     | Noticed a boulder beetle
 11623 | D:11     | Killed a boulder beetle
 12985 | D:12     | Reached skill level 5 in Invocations
 13001 | D:12     | Reached skill level 1 in Throwing
 13170 | D:12     | Found a staircase to the Orcish Mines.
 13609 | D:12     | Reached ****** piety under Cheibriados
 13697 | D:13     | Noticed a centaur warrior
 13699 | D:13     | Killed a centaur warrior
 13795 | D:13     | Noticed a centaur warrior
 13806 | D:13     | Killed a centaur warrior
 13807 | D:13     | Gained mutation: You can hop long distances. [Barachi
                  | growth]
 13807 | D:13     | Reached XP level 13. HP: 78/101 MP: 17/17
 14243 | D:13     | Reached skill level 10 in Fighting
 14247 | D:13     | Found a transporter.
 14744 | D:13     | Noticed a vault guard
 14765 | D:13     | Killed a vault guard
 14783 | D:13     | Noticed a vault guard
 14801 | D:13     | Killed a vault guard
 14861 | D:13     | Found a gate to the Vaults.
 15016 | D:14     | Noticed Azrael
 15128 | Lair:1   | Entered Level 1 of the Lair of Beasts
 16468 | Lair:2   | Found a hole to the Spider Nest.
 17361 | Lair:3   | Reached XP level 14. HP: 108/113 MP: 18/18
 17377 | Lair:3   | Identified the +2 helmet of the Ancient Teeth {-Tele rPois
                  | Dex+3 SInv}
 17427 | Lair:3   | Reached skill level 15 in Long Blades
 17732 | Lair:3   | Found a staircase to the Shoals.
 18083 | Lair:4   | Noticed Urug
 18097 | Lair:4   | Killed Urug
 18505 | Lair:4   | Found a staircase to the Slime Pits.
 19019 | Lair:5   | Entered Level 5 of the Lair of Beasts
 20134 | Lair:5   | Reached XP level 15. HP: 62/120 MP: 20/20
 20493 | Shoals:1 | Entered Level 1 of the Shoals
 20493 | Shoals:1 | Noticed Mlioglotl
 21268 | Spider:1 | Entered Level 1 of the Spider Nest
 22888 | Spider:2 | Gained mutation: You occasionally lose the ability to drink
                  | potions when taking damage. [mutagenic glow]
 22939 | Spider:2 | Reached skill level 15 in Shields
 23231 | Spider:2 | Reached skill level 10 in Dodging
 23806 | Spider:3 | Noticed an emperor scorpion
 23918 | Spider:3 | Reached XP level 16. HP: 131/131 MP: 22/22
 23984 | Spider:3 | Noticed Asterion
 24011 | Spider:3 | Killed Asterion
 25373 | Spider:4 | Entered Level 4 of the Spider Nest
 26393 | Spider:4 | Got a gossamer rune of Zot
 26397 | Spider:4 | Identified the -1 hat "Afosoa" {+Inv Str-3 SInv}
 26412 | Spider:4 | Lost mutation: You occasionally lose the ability to drink
                  | potions when taking damage. [potion of mutation]
 26412 | Spider:4 | Gained mutation: Your body sometimes deteriorates upon
                  | taking damage. [potion of mutation]
 26412 | Spider:4 | Gained mutation: Your mind is acute. (Int +4, Str/Dex -1)
                  | [potion of mutation]
 26412 | Spider:4 | Gained mutation: Your mind is very acute. (Int +8, Str/Dex
                  | -2) [potion of mutation]
 26412 | Spider:4 | Gained mutation: You are agile. (Dex +4, Str/Int -1)
                  | [potion of mutation]
 26413 | Spider:4 | Lost mutation: Your body sometimes deteriorates upon taking
                  | damage. [potion of mutation]
 26413 | Spider:4 | Lost mutation: Your mind is very acute. (Int +8, Str/Dex
                  | -2) [potion of mutation]
 26413 | Spider:4 | Lost mutation: You are agile. (Dex +4, Str/Int -1) [potion
                  | of mutation]
 26413 | Spider:4 | Gained mutation: You occasionally lose the ability to drink
                  | potions when taking damage. [potion of mutation]
 26413 | Spider:4 | Gained mutation: You sometimes lose your temper in combat.
                  | [potion of mutation]
 26413 | Spider:4 | Gained mutation: You have sharp toenails. [potion of
                  | mutation]
 26414 | Spider:4 | Lost mutation: Your mind is acute. (Int +4, Str/Dex -1)
                  | [potion of mutation]
 26414 | Spider:4 | Lost mutation: You occasionally lose the ability to drink
                  | potions when taking damage. [potion of mutation]
 26414 | Spider:4 | Lost mutation: You sometimes lose your temper in combat.
                  | [potion of mutation]
 26414 | Spider:4 | Gained mutation: You occasionally lose the ability to drink
                  | potions when taking damage. [potion of mutation]
 26414 | Spider:4 | Gained mutation: Your flesh is heat resistant. (rF+)
                  | [potion of mutation]
 26571 | Spider:4 | Reached XP level 17. HP: 139/139 MP: 23/23
 26875 | Shoals:1 | Gained mutation: You are frail. (-10% HP) [a neqoxec]
 26876 | Shoals:1 | Gained mutation: Your spells are a little easier to cast,
                  | but a little less powerful. [a neqoxec]
 26877 | Shoals:1 | Killed Mlioglotl
 26987 | Shoals:1 | Noticed Louise
 27007 | Shoals:1 | Killed Louise
 27288 | Shoals:1 | Identified the +5 whip "Ror Vecs" {flame, rF+}
 27873 | Shoals:2 | Identified the +7 trident of Wu Jian's Castigation {freeze,
                  | rC+ rN+ Int+6}
 27933 | Shoals:2 | Slain by a merfolk

Illustrated notes

Levels and vault maps discovered:
D:1:      lightli_iron_boxes, layout_loops_ring, st_stairs_10
D:2:      layout_basic, shapermc_ecumenical_altar_flowoftime, uniq_terence,
          uniq_natasha
D:3:      layout_loops_ring, nicolae_gozag_seed_capital,
          nemelex_dance_club_becter, nicolae_concentric_dashed_squares_mild,
          uniq_crazy_yiuf_cottage, uniq_robin
D:4:      layout_rooms, lemuel_tele_altar, nicolae_overflow_two_pavilions,
          kennysheep_mini_moat, grunt_decor_one_mirror,
          kennysheep_generic_room_16
D:5:      layout_basic, grunt_ashenzari_visionary
          [grunt_ashenzari_visionary_shoals, grunt_ashenzari_visionary_spider],
          minmay_temple_entry_trees, ebering_ghost_sewer_d, dreamdust_gnoll_farm
D:6:      layout_basic, uniq_pikel
D:7:      layout_rooms, fedhas_altar_1, chequers_serial_rivers_room_a
D:8:      layout_basic, mainiacjoe_overflow_tiny_flanked
D:9:      layout_long_grid, nicolae_yredelemnul_corpse_copse, enter_bailey_2,
          serial_shops, shop, gammafunk_ghost_berserking_beasts,
          nzn_life_drinkers, uniq_psyche, uniq_erica
D:10:     layout_basic, nicolae_dithmenos_through_a_glass_darkly,
          mainiacjoe_overflow_small_starburst, lair_entry_dummy,
          trove_entry_hex_spiral, chequers_serial_rivers_micro_e
D:11:     layout_stronghold, minmay_misc_feat_encased,
          minmay_misc_feat_four_crosses
D:12:     layout_roguey, david_orc_4, minmay_alternating_orb
D:13:     layout_roguey, hellmonk_vaults_keyhole, st_stairs_14,
          nicolae_diode_basic
D:14:     layout_roguey, serial_curves, eino_curves_02, eino_curves_02,
          eino_curves_02, kennysheep_nondescript, uniq_agnes, uniq_azrael
Temple:   eino_temple_lava
Lair:1:   layout_regular_city
Lair:2:   layout_regular_city, spider_nest_entry_rubble
Lair:3:   layout_regular_city, shoals_dummy_entry, st_stairs_4,
          chequers_serial_rivers_micro_b, serial_bayou_shore_a
Lair:4:   layout_cave_pods, dpeg_slime_entry_enclosed,
          chequers_serial_rivers_marsh, uniq_urug
Lair:5:   minmay_lair_end_frog_pond, layout_gridlike, eino_house_with_fridge
Shoals:1: layout_shoals, uniq_louise, uniq_mlioglotl
Shoals:2: layout_shoals, nicolae_shoals_hunting_party
Spider:1: layout_spider_delve
Spider:2: layout_spider_delve, portal_ice_cave_entry_dragon
Spider:3: layout_spider_delve, uniq_asterion
Spider:4: grunt_spider_rune_parallel, hangedman_stitches_earthworm

Skill      XL: |  1  2  3  4  5  6  7  8  9 10 11 12 13 14 15 16 17 |
---------------+----------------------------------------------------+-----
Armour         | 4 5 6 7 8 9 10 12 13 14 | 14.6
Long Blades    | 3 4 5 6 7 9 11 12 13 14 16 17 | 17.8
Dodging        | 1 2 3 4 5 6 7 8 9 10 11 | 11.1
Shields        | 4 5 6 7 8 10 11 12 14 15 16 17 | 17.5
Fighting       | 4 5 6 7 8 9 11 12 13 14 | 14.4
Short Blades   | 1 2 3 |  3.1
Invocations    | 1 2 3 4 5 6 7 8 9 |  9.2
Evocations     | 1 2 |  2.1
Throwing       | 1 2 |  2.6

Action                     |  1- 3 |  4- 6 |  7- 9 | 10-12 | 13-15 | 16-18 || total
---------------------------+-------+-------+-------+-------+-------+-------++-------
  Melee: Long sword        |    59 |   238 |   328 |   772 |   418 |       ||  1815
         Double sword      |       |       |       |       |   531 |   480 ||  1011
         Scimitar          |       |       |       |       |     4 |       ||     4
  Throw: Boomerang         |       |       |       |    12 |    16 |    24 ||    52
 Invoke: Temporal Distorti |       |       |       |     2 |     3 |       ||     5
         Bend Time         |       |       |       |       |     2 |       ||     2
         Slouch            |       |       |       |       |     5 |     1 ||     6
Ability: Hop               |     1 |     2 |     1 |     3 |     7 |     2 ||    16
  Evoke: Wand              |       |     8 |       |    21 |     9 |       ||    38
         Box of beasts     |       |       |       |       |       |     2 ||     2
         Tin of tremorston |       |       |       |       |       |     2 ||     2
         Phial of floods   |       |       |       |       |       |     1 ||     1
    Use: Potion            |       |     2 |     8 |       |     5 |     8 ||    23
         Scroll            |       |     3 |     5 |    13 |    11 |     5 ||    37
   Stab: Distracted        |       |       |       |       |       |     1 ||     1
 Armour: Scale mail        |   130 |   116 |       |       |       |       ||   246
         Chain mail        |       |    19 |   213 |   295 |       |       ||   527
         Skin              |       |       |    17 |       |       |       ||    17
         Plate armour      |       |       |       |    12 |   357 |   197 ||   566
  Dodge: Dodged            |    75 |    93 |   131 |   333 |   579 |   283 ||  1494
  Block: Buckler           |    34 |   165 |   214 |   494 |   825 |    23 ||  1755
         Reflection        |       |     1 |     2 |    17 |     8 |    27 ||    55
         Kite shield       |       |       |       |       |       |   525 ||   525
         Tower shield      |       |       |       |       |       |   168 ||   168

Table legend: (Time is in decaauts)
 A = Elapsed time spent in this place.
 B = Non-inter-level travel time spent in this place.
 C = Inter-level travel time spent in this place.
 D = Time resting spent in this place.
 E = Time spent auto-exploring this place.
 F = Levels seen in this place.
 G = Mean time per level.
                   A        B        C        D        E       F      G
               +--------+--------+--------+--------+--------+-----+--------+
         Total |  46552 |  43734 |   2818 |   2890 |  27652 |  27 | 1724.1 |
       Dungeon |  23508 |  21913 |   1595 |   1212 |  13881 |  14 | 1679.1 |
        Temple |     30 |     23 |      7 |      0 |      0 |   1 |   30.0 |
          Lair |  10687 |  10120 |    567 |    644 |   7182 |   5 | 2137.4 |
        Shoals |   1973 |   1973 |      0 |     89 |   1303 |   2 |  986.5 |
   Spider Nest |   9697 |   9050 |    647 |    912 |   5137 |   4 | 2424.2 |
        Bailey |    654 |    654 |      0 |     32 |    149 |   1 |  654.0 |
               +--------+--------+--------+--------+--------+-----+--------+

Top non-repeatable levels by time:
     D:5: 3384 daAuts
Spider:1: 2870 daAuts
Spider:3: 2592 daAuts
    D:13: 2420 daAuts
    D:11: 2332 daAuts
  Lair:5: 2330 daAuts
  Lair:3: 2287 daAuts
     D:9: 2254 daAuts
  Lair:4: 2178 daAuts
Spider:2: 2164 daAuts
Spider:4: 2070 daAuts
  Lair:1: 2050 daAuts
    D:12: 1955 daAuts
  Lair:2: 1840 daAuts
     D:2: 1779 daAuts
